 Dungeon Crawl Stone Soup version 0.25-a0-425-g0e000e855e (webtiles) character file.

Game seed: 16403130329062963344, levelgen mode: deterministic

91 ChaosChampion the Insei (level 4, -3/28 HPs)
             Began as an Octopode Transmuter on Jan 23, 2020.
             Was an Initiate of Ashenzari.
             Slain by a hobgoblin (5 damage)
             ... led by Robin
             ... on level 3 of the Dungeon.
             The game lasted 00:08:44 (1803 turns).

ChaosChampion the Insei (Octopode Transmuter)       Turns: 1803, Time: 00:08:44

Health: -3/28      AC:  2    Str:  9    XL:     4   Next: 57%
Magic:  3/8        EV: 20    Int: 16    God:    Ashenzari [......]
Gold:   32         SH:  0    Dex: 17    Spells: 2/8 levels left

rFire    + + .     SeeInvis .     - Unarmed
rCold    x . .     Gourm    .   (shield currently unavailable)
rNeg     . . .     Faith    .   (helmet currently unavailable)
rPois    x         Spirit   .   n - amulet of magic regeneration
rElec    .         Reflect  .   d - ring of wizardry
rCorr    .         Harm     .   j - ring of fire
MR       .....                  o - ring of protection from fire
Stlth    ++........             (no ring)
HPRegen  0.09/turn              (no ring)
MPRegen  0.36/turn              (no ring)
                                (no ring)
                                (no ring)

@: spider-form (expiring), very slightly contaminated
A: tiny, almost no armour, stealthy swim, (amphibious), 8 rings, (constrict 8)
a: End Transformation, Curse Item, Renounce Religion


You were on level 3 of the Dungeon.
You worshipped Ashenzari.
Ashenzari was noncommittal.
You were hungry.
You were a venomous arachnid creature.
You visited 1 branch of the dungeon, and saw 3 of its levels.

You collected 32 gold pieces.

Inventory:

Missiles
 a - 3 arrows
 g - 6 javelins (quivered)
 i - 21 poisoned darts
Jewellery
 d - a ring of wizardry (left front leg)
 j - a ring of fire (right front leg)
 n - an amulet of magic regeneration (around neck)
 o - a ring of protection from fire (on tentacle)
Scrolls
 b - 3 scrolls of blinking
Comestibles
 c - 5 rations


   Skills:
 + Level 1.4 Fighting
 + Level 2.3 Dodging
 * Level 2.3 Stealth
 * Level 3.5 Unarmed Combat
 * Level 2.6 Spellcasting
 * Level 2.6 Transmutations


You had 2 spell levels left.
You knew the following spells:

 Your Spells              Type           Power        Failure   Level  Hunger
a - Beastly Appendage     Tmut           ##....       8%          1    #......
b - Sticks to Snakes      Tmut           ##......     10%         2    ##.....
c - Spider Form           Tmut/Pois      #.........   26%         3    ###....

Your spell library contained the following spells:

 Spells                   Type           Power        Failure   Level  Hunger
 Ice Form                 Ice/Tmut       #.......     58%         4    #####..
 Blade Hands              Tmut           ##........   71%         5    ######.


Dungeon Overview and Level Annotations

Branches:
Dungeon (3/15)

Altars:
Ashenzari

Portals:
Sewer: D:3


Innate Abilities, Weirdness & Mutations

You cannot wear most types of armour.
You are very stealthy in the water. (Stealth+)
((You are amphibious.))
You can wear up to eight rings at the same time.
((You can use your tentacles to constrict eight enemies at once.))
((Your skin changes colour to match your surroundings (Stealth+).))
((Your rubbery body absorbs attacks. (AC +1, EV +1)))


Message History

The giant cockroach is poisoned.
You kill the giant cockroach!
Your adder bites Robin.
The hobgoblin hits your adder. Robin hits your adder with a +0 dagger.
You hit Robin.
You kill Robin!
Your transformation is almost over.
The hobgoblin closely misses your adder.
The hobgoblin hits your adder.
Your adder dies!
The rat barely misses you.
Things that are here:
a +0 club; a goblin corpse You barely miss the rat.
You hit the rat but do no damage. The rat bites you but does no damage.
The hobgoblin closely misses you.
You barely miss the hobgoblin. The rat bites you.
* * * LOW HITPOINT WARNING * * *
The hobgoblin hits you.
You die...

##..§....................#
.#..#..≈#..###g#####<#...##
....≈§§≈≈......# ##....###
..#≈≈≈≈≈≈≈#.#### ....###
..≈≈≈≈§≈≈≈..### #.##.#
...≈≈≈∩§≈gg...##..##.#
#..≈§≈≈†≈g..#.##.# #.#
#.#≈≈≈≈≈≈≈#.#g#..# #.#
#...≈≈≈≈≈...#srs.# #.#
##..#..≈#..#..g..#
##.......##.).....#
####.#####.###.#$.... #.
#.# .###... .. .. .. ...
##. # ... .. #


You could see a giant cockroach, 2 hobgoblins and a rat.

Vanquished Creatures
  Natasha (D:3)
  Robin (D:3)
  An adder (D:2)
  A worm (D:2)
  A dart slug (D:1)
  2 ball pythons
  5 bats
  2 giant cockroaches
  8 goblins
  2 hobgoblins
  4 jackals (D:2)
  A quokka (D:2)
  2 frilled lizards (D:1)
  6 kobolds
  5 rats
42 creatures vanquished.

Vanquished Creatures (collateral kills)
  A worm (D:2)
  2 goblins (D:3)
  A kobold (D:2)
4 creatures vanquished.

Grand Total: 46 creatures vanquished

Notes
Turn   | Place    | Note
-------+----------+-------------------------------------------
     0 | D:1      | ChaosChampion the Octopode Transmuter began the quest for
                  | the Orb.
     0 | D:1      | Reached XP level 1. HP: 13/13 MP: 3/3
     0 | D:1      | Upgraded the game from 0.25-a0-424-g80bd347ae0 to
                  | 0.25-a0-425-g0e000e855e
   348 | D:1      | Reached XP level 2. HP: 17/18 MP: 3/5
   352 | D:1      | Learned a level 2 spell: Sticks to Snakes
   381 | D:1      | Reached skill level 1 in Stealth
  1053 | D:2      | Found a shattered altar of Ashenzari.
  1094 | D:2      | Reached XP level 3. HP: 9/23 MP: 0/6
  1150 | D:2      | Learned a level 3 spell: Spider Form
  1183 | D:2      | Became a worshipper of Ashenzari the Shackled
  1730 | D:3      | Noticed Natasha
  1741 | D:3      | Killed Natasha
  1741 | D:3      | Reached XP level 4. HP: 16/28 MP: 3/7
  1751 | D:3      | Found a glowing drain.
  1753 | D:3      | Noticed Robin
  1799 | D:3      | Killed Robin
  1803 | D:3      | Slain by a hobgoblin

Levels and vault maps discovered:
D:1:      dpeg_arrival_circle_labyrinth_c, layout_basic, minmay_domino_2
D:2:      layout_basic, first_ration, evilmike_ruin_ashenzari
D:3:      layout_rooms, xom_teletrap_fun, cheibrodos_sewer_entry_drain,
          grunt_decor_fettered, hangedman_abyss_or_decor_lesser_grid,
          minmay_misc_feat_encased, minmay_stone_trees_small, uniq_natasha,
          uniq_robin

Skill      XL: |  1  2  3 |
---------------+----------+-----
Stealth        | 1 2 |  2.3
Fighting       | |  1.4
Dodging        | |  2.3
Unarmed Combat | |  3.5
Spellcasting   | |  2.6
Transmutations | |  2.6

Action                   |  1- 3 |  4- 6 || total
-------------------------+-------+-------++-------
Melee: Unarmed           |    87 |    21 ||   108
       Constrict         |    16 |       ||    16
       Kick              |     6 |       ||     6
       Tentacles         |    10 |       ||    10
       Punch             |     2 |     1 ||     3
 Cast: Beastly Appendage |    10 |       ||    10
       Sticks to Snakes  |     8 |     1 ||     9
       Spider Form       |     7 |     2 ||     9
  Use: Scroll            |       |     6 ||     6
       Potion            |       |     1 ||     1
 Stab: Sleeping          |     8 |       ||     8
  Eat: Chunk             |     4 |       ||     4
Armor: Skin              |     4 |    42 ||    46
Dodge: Dodged            |    52 |    23 ||    75

Table legend:
 A = Non-vault XP
 B = Vault XP
 C = Vault XP percentage of total XP
 D = Non-vault monster count
 E = Vault monster count
 F = Vault count percentage of total count
                 A         B        C        D         E       F
            +---------+---------+-------+---------+---------+-------
      Total |      75 |      55 |  42.3 |      37 |       9 |  19.6
            +---------+---------+-------+---------+---------+-------
        D:1 |      23 |       0 |   0.0 |      14 |       0 |   0.0
        D:2 |      52 |       0 |   0.0 |      23 |       0 |   0.0
        D:3 |       0 |      55 | 100.0 |       0 |       9 | 100.0
            +---------+---------+-------+---------+---------+-------
